[Event "*** Titled Tuesday 3|2 Blitz"]
[Site "Chess.com"]
[Date "2017.06.06"]
[Round "5"]
[White "Divertissement"]
[Black "MITerryble"]
[Result "1-0"]
[WhiteElo "2423"]
[BlackElo "2634"]
[TimeControl "180+2"]
[EndTime "14:50:40 PDT"]
[Termination "Divertissement won by resignation"]

1. d4 g6 2. Nf3 Bg7 3. c4 d6 4. g3 Nd7 5. Bg2 e5 6. O-O e4 7. Ng5 Ngf6 8. Nc3 O-O 9. Ngxe4 Nxe4 10. Nxe4 h6 11. Nc3 f5 12. e3 Nf6 13. Qb3 c6 14. Qc2 Be6 15. b3 d5 16. c5 g5 17. b4 Ne4 18. f3 Nf6 19. Bd2 Qd7 20. a4 Nh5 21.
f4 Nf6 22. b5 Ne4 23. Nxe4 fxe4 24. Rab1 gxf4 25. Rxf4 Rxf4 26. gxf4 Kh8 27. Be1 Rg8 28. Bg3 h5 29. Qf2 Bf6 30. Kh1 Bh3 31. Bxh3 Qxh3 32.
f5 h4 33. Be5 Bxe5 34. dxe5 Rg3 35. e6 Rf3 36. e7 Rxf2 37. e8=Q+ Kh7 38. Qg6+ Kh8 39.
Qh6+ Kg8 40. Rg1+ 1-0

[Event "*** Titled Tuesday 3|2 Blitz"]
[Site "Chess.com"]
[Date "2017.06.06"]
[Round "5"]
[White "WinnieTPooh"]
[Black "the_drake"]
[Result "0-1"]
[WhiteElo "1922"]
[BlackElo "2136"]
[TimeControl "180+2"]
[EndTime "14:50:51 PDT"]
[Termination "the_drake won by resignation"]

1. e4 e5 2. Nf3 Nc6 3. Bb5 a6 4. Ba4 Nf6 5. O-O Nxe4 6. Re1 Nc5 7. Bxc6 dxc6 8. Rxe5+ Ne6 9. d4 Bd6 10. Re4 O-O 11. Qe2 c5 12. d5 Nd4 13. Nxd4 cxd4 14. Rxd4 Bf5 15. c4 Qf6 16. Be3 Be5 17. Rd2 Rae8 18. a4 Qd6 19. h3 Qb4 20. Na3 Qxa4 21. Nc2 Qb3 22. Nd4 Bxd4 23. Rxd4 Bg6 24. Ra3 Qc2 25. Qxc2 Bxc2 26. Rc3 Bg6 27. Rd2 Re4 28. c5 Rd8 29. f3 Rb4 30. Kf2 f6 31. Bf4 Rxf4 0-1

[Event "*** Titled Tuesday 3|2 Blitz"]
[Site "Chess.com"]
[Date "2017.06.06"]
[Round "5"]
[White "metalbattler"]
[Black "DiamondCrusher22"]
[Result "0-1"]
[WhiteElo "2024"]
[BlackElo "2021"]
[TimeControl "180+2"]
[EndTime "14:51:01 PDT"]
[Termination "DiamondCrusher22 won by checkmate"]

1. e4 e5 2. Nf3 Nc6 3. d4 exd4 4.
Bc4 Nf6 5. e5 d5 6. Bb5 Ne4 7.
Nxd4 Bd7 8. Bxc6 bxc6 9. O-O Bc5 10. f3 Ng5 11. f4 Ne4 12. Be3 O-O 13. Nd2 Bg4 14.
Qxg4 Nxd2 15. Bxd2 Bxd4+ 16. Kh1 Bxb2 17. Rab1 Rb8 18. c3 d4 19. f5 f6 20. Bh6 Qe7 21. cxd4 fxe5 22. f6 Rxf6 23. Bg5 Rxf1+ 24. Rxf1 Rf8 25.
Rb1 Qf7 26. h4 Bxd4 27. Rb7 c5 28. h5 Qf1+ 29. Kh2 Qg1+ 30. Kh3 Qh1+ 31. Kg3 Bf2# 0-1

[Event "*** Titled Tuesday 3|2 Blitz"]
[Site "Chess.com"]
[Date "2017.06.06"]
[Round "5"]
[White "gmcorrales"]
[Black "Aikiigm"]
[Result "1-0"]
[WhiteElo "2539"]
[BlackElo "2420"]
[TimeControl "180+2"]
[EndTime "14:51:06 PDT"]
[Termination "gmcorrales won by resignation"]

1. e4 Nf6 2. e5 Nd5 3. d4 Nb6 4. Nf3 d6 5. a4 a5 6. c4 Bg4 7. exd6 exd6 8. h3 Bh5 9. Nc3 Nc6 10.
g4 Bg6 11. Bd3 Bxd3 12. Qxd3 Nb4 13. Qe2+ Qe7 14. Be3 h5 15. g5 O-O-O 16. d5 g6 17.
O-O Qd7 18. Kg2 Re8 19. Nb5 Bg7 20. Rfe1 Qf5 21. Rac1 Nd3 22. b3 Nxc1 23. Rxc1 Be5 24. Qd2 Kd7 25. Nxc7 Na8 26. Nb5 b6 27. b4 axb4 28.
Qxb4 Rd8 29. Re1 Rhe8 30. a5 bxa5 31. Qxa5 Re7 32. Qa4 Ree8 33. Nbd4+ 1-0

[Event "*** Titled Tuesday 3|2 Blitz"]
[Site "Chess.com"]
[Date "2017.06.06"]
[Round "5"]
[White "swayamsm"]
[Black "pKiLz5Rn9b"]
[Result "0-1"]
[WhiteElo "2428"]
[BlackElo "2495"]
[TimeControl "180+2"]
[EndTime "14:51:06 PDT"]
[Termination "pKiLz5Rn9b won by resignation"]

1. d4 Nf6 2. Nf3 e6 3. c4 a6 4.
Nc3 d5 5. Bg5 Be7 6. e3 O-O 7.
Rc1 Nbd7 8. cxd5 exd5 9. Bd3 c5 10. O-O c4 11. Bb1 b5 12. Ne5 Bb7 13. Qc2 g6 14.
f4 Ne8 15. Bh6 Ng7 16. f5 Nxe5 17. dxe5 Bc5 18. f6 Ne6 19. Kh1 Qc7 20. Bf4 Nxf4 21. exf4 d4 22. Nd1 d3 23. Qd2 Rad8 24. Ne3 Bxe3 25.
Qxe3 Qc6 26. Rf2 Rfe8 27. f5 Kh8 28. Qh6 Rg8 29. e6 Qc5 30. Rf4 g5 31. Rg4 d2 32.
Rd1 Qf2 33. exf7 Qe1+ 0-1

[Event "*** Titled Tuesday 3|2 Blitz"]
[Site "Chess.com"]
[Date "2017.06.06"]
[Round "5"]
[White "yian123"]
[Black "jcibarra"]
[Result "0-1"]
[WhiteElo "2399"]
[BlackElo "2637"]
[TimeControl "180+2"]
[EndTime "14:51:11 PDT"]
[Termination "jcibarra won by resignation"]

1. e4 c5 2. Nf3 Nf6 3. Nc3 d5 4. e5 Nfd7 5. Nxd5 Nxe5 6. Bb5+ Nbc6 7. Ne3 a6 8. Nxe5 axb5 9. Nxc6 bxc6 10. b3 e5 11. Bb2 f6 12. O-O Be7 13. Qh5+ g6 14.
Qe2 O-O 15. f4 exf4 16. Rxf4 f5 17. a4 Qd6 18. Rff1 Bd7 19. Rfe1 Bf6 20. Bxf6 Qxf6 21.
Qd3 Rf7 22. Rab1 f4 23. Rf1 Qg5 24. axb5 Bh3 25. Kh1 Rd8 26. Qe2 fxe3 27. gxh3 Rxd2 28. Qg4 Qxg4 29. hxg4 Rxf1+ 30. Rxf1 e2 0-1

[Event "*** Titled Tuesday 3|2 Blitz"]
[Site "Chess.com"]
[Date "2017.06.06"]
[Round "5"]
[White "proxy6"]
[Black "TheLancer"]
[Result "0-1"]
[WhiteElo "2304"]
[BlackElo "2415"]
[TimeControl "180+2"]
[EndTime "14:51:11 PDT"]
[Termination "TheLancer won by resignation"]

1. e4 c5 2. Nf3 g6 3. d4 cxd4 4.
Nxd4 Bg7 5. Be3 Nc6 6. Nc3 Nf6 7. Bc4 O-O 8. Bb3 a5 9. a4 Ng4 10. Qxg4 Nxd4 11. Bxd4 Bxd4 12. Qd1 Bxc3+ 13. bxc3 d6 14. O-O Be6 15. Qd3 Qc7 16. Rfe1 Rac8 17. Re3 Qc5 18. Rae1 Qb6 19. Bd5 Rc5 20. c4 Rfc8 21.
Qb3 Qc7 22. Qd3 Qd7 23. e5 Bxd5 24. cxd5 Rxc2 25. e6 fxe6 26. Rxe6 Qe8 27. h4 Qf7 28.
Qe3 R8c3 29. Qb6 Rc7 30. Rxe7 Rxe7 31. Qd8+ Qf8 0-1

[Event "*** Titled Tuesday 3|2 Blitz"]
[Site "Chess.com"]
[Date "2017.06.06"]
[Round "5"]
[White "Jadeit90"]
[Black "Kawhi_Leonard2"]
[Result "0-1"]
[WhiteElo "2151"]
[BlackElo "2188"]
[TimeControl "180+2"]
[EndTime "14:51:12 PDT"]
[Termination "Kawhi_Leonard2 won by resignation"]

1. g3 Nf6 2. Bg2 e6 3. c4 d5 4. Nf3 Be7 5. O-O O-O 6. cxd5 exd5 7. d3 c6 8. Nc3 h6 9. e4 dxe4 10. dxe4 Be6 11. Qe2 Nbd7 12. Rd1 Qa5 13. Nd4 Bg4 14.
f3 Bh5 15. Be3 Rfe8 16. Rd2 Bb4 17. Rc2 Bxc3 18. Rxc3 Nxe4 19. Ra3 Qe5 20. g4 Nef6 21. Qf2 Bxg4 22. Bd2 Bh5 23. Bc3 Qe3 24. Ra5 Nd5 25. Nf5 Qxf2+ 26. Kxf2 Nxc3 27. bxc3 Re5 28. Rxe5 Nxe5 29.
Rb1 b6 30. f4 Nd3+ 31. Ke3 Nc5 32. Bxc6 Rd8 33. Bb5 Bg6 34. Nd4 Bxb1 0-1

[Event "*** Titled Tuesday 3|2 Blitz"]
[Site "Chess.com"]
[Date "2017.06.06"]
[Round "5"]
[White "ArnaudovP"]
[Black "maciek_92"]
[Result "0-1"]
[WhiteElo "2413"]
[BlackElo "2534"]
[TimeControl "180+2"]
[EndTime "14:51:16 PDT"]
[Termination "maciek_92 won by resignation"]

1. Nf3 Nf6 2. c4 e6 3. g3 b6 4.
Bg2 Bb7 5. O-O Be7 6. Nc3 O-O 7.
Re1 d5 8. cxd5 Nxd5 9. d4 c5 10. e4 Nxc3 11. bxc3 cxd4 12. cxd4 Nd7 13.
a3 Rc8 14. Bb2 Qc7 15. Re2 Rfd8 16. d5 Nc5 17. Nd4 exd5 18. e5 Ne6 19. Bh3 Qd7 20.
Rd2 Rc4 21. Bf1 Rc5 22. Bh3 Rc4 23. Bf1 Rc5 24. Bh3 Re8 25. a4 Bf8 26. Bf1 Rec8 27. Qg4 R8c7 28. h4 Nxd4 29. Qxd4 Rc2 30. Rxc2 Rxc2 31. Bd3 Bc5 32. Bxh7+ Kh8 33. e6 fxe6 34. Qe5 Kxh7 35. Bd4 Qf7 36. Rf1 Ba6 0-1

[Event "*** Titled Tuesday 3|2 Blitz"]
[Site "Chess.com"]
[Date "2017.06.06"]
[Round "5"]
[White "Storne89"]
[Black "chessking2151"]
[Result "1-0"]
[WhiteElo "2514"]
[BlackElo "2340"]
[TimeControl "180+2"]
[EndTime "14:51:20 PDT"]
[Termination "Storne89 won by resignation"]

1. e4 e5 2. Nf3 Nc6 3. Bc4 Nf6 4. d3 Be7 5. O-O O-O 6. a4 d6 7. a5 a6 8. c3 h6 9. h3 Nh7 10. Nbd2 Kh8 11. d4 f5 12. dxe5 dxe5 13. exf5 Bxf5 14. Qe2 Bf6 15. Ne4 Qe7 16. b3 Rfe8 17. Re1 Rad8 18.
Ba3 Qd7 19. Bc5 Be6 20. b4 Bxc4 21. Qxc4 Qd5 22. Qe2 Ng5 23. Nfxg5 Bxg5 24. Nxg5 hxg5 25. Qh5+ Kg8 26. Qxg5 e4 27. Qh4 Qf5 28. Re2 Rd5 29.
Rae1 Rde5 30. Re3 Kf7 31. Rg3 Kg8 32. Rg4 R5e6 33. Qg3 Qf7 34. h4 Kh7 35. h5 Kh8 36. Rg6 Rf6 37. Qg4 Re5 38. Re3 Rxg6 39. hxg6 Qf5 40.
Qh4+ Qh5 41. Qxh5+ Rxh5 42. Rxe4 1-0

[Event "*** Titled Tuesday 3|2 Blitz"]
[Site "Chess.com"]
[Date "2017.06.06"]
[Round "5"]
[White "IIIlllII1llIl"]
[Black "Rodalquilar"]
[Result "1-0"]
[WhiteElo "2524"]
[BlackElo "2534"]
[TimeControl "180+2"]
[EndTime "14:51:30 PDT"]
[Termination "IIIlllII1llIl won on time"]

1. e4 e5 2. Nf3 Nc6 3. Bc4 d6 4.
d4 exd4 5. Nxd4 g6 6. Nc3 Bg7 7. Be3 Nf6 8. f3 O-O 9. Qd2 Ne5 10. Be2 d5 11. Bg5 dxe4 12. fxe4 h6 13. Bf4 Re8 14. O-O-O c5 15. Ndb5 Qxd2+ 16. Rxd2 Re7 17. Rd8+ Re8 18. Rhd1 Nc6 19. Rxe8+ Nxe8 20. Bc4 a6 21. Nd6 Nxd6 22. Bxd6 Bg4 23. Rf1 Ne5 24. Bxe5 Bxe5 25. Rxf7 Kh8 26. h3 Bc8 27. Rf8+ Kg7 28. Rg8+ Kh7 29. Be6 Bf4+ 30. Kd1 Bxe6 31. Rxa8 Kg7 32. Ra7 Bc8 33. Nd5 Be5 34.
Nb6 Be6 35. Rxb7+ Kg8 36. b3 a5 37. Re7 1-0

[Event "*** Titled Tuesday 3|2 Blitz"]
[Site "Chess.com"]
[Date "2017.06.06"]
[Round "5"]
[White "NTBT_DHS"]
[Black "1stSecond"]
[Result "0-1"]
[WhiteElo "2430"]
[BlackElo "2509"]
[TimeControl "180+2"]
[EndTime "14:51:34 PDT"]
[Termination "1stSecond won by resignation"]

1. d4 Nf6 2. c4 e6 3. Nf3 b6 4. g3 Ba6 5. Qa4 c5 6. Bg2 Bb7 7. O-O cxd4 8. Nxd4 Bxg2 9. Kxg2 Qc8 10. Nc3 Qb7+ 11. f3 Na6 12. Bg5 Be7 13. Rfd1 O-O 14.
e4 Nc5 15. Qc2 h6 16. Be3 d6 17. b4 Ncd7 18. Ndb5 Ne5 19. Qe2 Rac8 20. c5 dxc5 21. bxc5 Bxc5 22. Bxc5 Rxc5 23. f4 Nc4 24. Rd4 a6 25.
Rxc4 axb5 26. Rxc5 bxc5 27. Qxb5 Qa8 28. Re1 Rb8 29.
Qxc5 Rb2+ 30. Kg1 Ng4 31. h3 Nf2 32. Re2 Rxe2 33. Nxe2 Nxe4 34. Qc2 Qa7+ 35. Kh1 Qe3 36. a4 Qf3+ 37. Kg1 Qf2+ 38. Kh1 Nxg3+ 0-1

[Event "*** Titled Tuesday 3|2 Blitz"]
[Site "Chess.com"]
[Date "2017.06.06"]
[Round "5"]
[White "nurmiTV"]
[Black "Noukii"]
[Result "0-1"]
[WhiteElo "2465"]
[BlackElo "2625"]
[TimeControl "180+2"]
[EndTime "14:51:37 PDT"]
[Termination "Noukii won by resignation"]

1. c4 e5 2. g3 Nf6 3. Bg2 h6 4. Nc3 Bb4 5. Nd5 Nxd5 6. cxd5 O-O 7. Nf3 d6 8. O-O Nd7 9. d4 e4 10. Nd2 f5 11. Nc4 b5 12. Ne3 Ba5 13. f3 Nf6 14. Qb3 Bb6 15. Qxb5 Bxd4 16. Kh1 Qe7 17. Nc2 Bb6 18.
Qc4 a5 19. Re1 Ba6 20. Qc3 Nxd5 21. Qb3 c6 22. fxe4 fxe4 23. Be3 Rab8 24. Bxb6 Rxb6 25. Qa3 Rf2 26. Nd4 Qe5 27. Rad1 c5 28. Nb3 Ne3 29. Rg1 Nxd1 30. Qxa5 Bxe2 31. Qxb6 Ne3 32. Nd2 Bf3 33. Qb3+ Nd5 34. Qe3 Nxe3 0-1

[Event "*** Titled Tuesday 3|2 Blitz"]
[Site "Chess.com"]
[Date "2017.06.06"]
[Round "5"]
[White "Journey_to_GrandMaster_YT"]
[Black "AndreyOstrovskiy"]
[Result "0-1"]
[WhiteElo "2334"]
[BlackElo "2533"]
[TimeControl "180+2"]
[EndTime "14:51:37 PDT"]
[Termination "AndreyOstrovskiy won by resignation"]

1. d4 Nf6 2. Nf3 e6 3. e3 b6 4. Bd3 Bb7 5. Nbd2 d5 6. b3 Bd6 7.
Bb2 c5 8. Ne5 Nc6 9. O-O Qc7 10.
Ndf3 O-O 11. Nxc6 Bxc6 12. dxc5 bxc5 13. Bxf6 gxf6 14. c4 f5 15. Ng5 h6 16. Qh5 Kg7 17.
cxd5 Bxd5 18. e4 Bf4 19. exd5 hxg5 20. dxe6 fxe6 21. g3 Rh8 22. Qe2 Be5 23. Rae1 Kf6 24. Bc4 g4 25. f4 Bd4+ 26. Kh1 Qc6+ 27. Qg2 Rxh2+ 28. Kxh2 Rh8+ 0-1

[Event "*** Titled Tuesday 3|2 Blitz"]
[Site "Chess.com"]
[Date "2017.06.06"]
[Round "5"]
[White "wonderfultime"]
[Black "DanielNaroditsky"]
[Result "1-0"]
[WhiteElo "2659"]
[BlackElo "2745"]
[TimeControl "180+2"]
[EndTime "14:51:45 PDT"]
[Termination "wonderfultime won by resignation"]

1. d4 Nf6 2. c4 d6 3. Nc3 Nbd7 4.
Nf3 e5 5. g3 g6 6. Bg2 Bg7 7. O-O O-O 8. Qc2 c6 9. Rd1 Qe7 10. b3 exd4 11. Nxd4 Re8 12. Ba3 Nc5 13. h3 a5 14. Rac1 h5 15. Qd2 a4 16. b4 Nce4 17. Nxe4 Nxe4 18. Qe3 d5 19. cxd5 cxd5 20. Nb5 Be5 21. Rxd5 Nf6 22. Rd2 Qf8 23. Qc5 Qh6 24. Rcd1 Bf5 25. Nd6 Bxd6 26. Rxd6 Ne4 27. Qxf5 Nxd6 28.
Rxd6 Rxe2 29. Qd3 Rxa2 30. Bd5 Ra1+ 31. Kg2 Ra6 32. Rd8+ Kh7 33. Bb2 1-0

[Event "*** Titled Tuesday 3|2 Blitz"]
[Site "Chess.com"]
[Date "2017.06.06"]
[Round "5"]
[White "djano"]
[Black "olgerts_indricans"]
[Result "0-1"]
[WhiteElo "2342"]
[BlackElo "2311"]
[TimeControl "180+2"]
[EndTime "14:51:52 PDT"]
[Termination "olgerts_indricans won on time"]

1. d4 Nf6 2. Bf4 g6 3. Nc3 d5 4. e3 Bg7 5. Nf3 O-O 6. h4 a6 7.
Ne5 c5 8. h5 Nc6 9. hxg6 hxg6 10. Qd2 Bf5 11. f3 Qb6 12. g4 Be6 13. O-O-O Rfd8 14. Bh6 Bxh6 15. Rxh6 Kg7 16. Qh2 Rh8 17. g5 Nh5 18. dxc5 Qc7 19. f4 Nxe5 20. fxe5 Qxc5 21. Bg2 Qxe3+ 22. Kb1 Qxg5 23. Rxh8 Rxh8 24. Rh1 Qd2 25. Bxd5 Qxh2 26. Rxh2 Nf4 27. Rxh8 Kxh8 28.
Bxb7 a5 29. Ne4 Kg7 30. Kc1 f5 31. exf6+ exf6 32. Nc5 Bf7 33. b3 f5 34. Bc6 g5 35.
Nb7 g4 36. Nxa5 g3 37. b4 Bd5 0-1

[Event "*** Titled Tuesday 3|2 Blitz"]
[Site "Chess.com"]
[Date "2017.06.06"]
[Round "5"]
[White "yurisolo"]
[Black "Margency"]
[Result "1-0"]
[WhiteElo "2487"]
[BlackElo "2538"]
[TimeControl "180+2"]
[EndTime "14:51:59 PDT"]
[Termination "yurisolo won by checkmate"]

1. e4 d5 2. exd5 Qxd5 3. Nc3 Qd6 4. d4 Nf6 5. Nf3 c6 6. Ne5 Nbd7 7. Nc4 Qc7 8. Qf3 Nb6 9. Bf4 Qd7 10. Nxb6 axb6 11.
O-O-O e6 12. Be5 Be7 13. h4 b5 14. h5 h6 15. Rh3 b4 16. Ne4 Qd5 17. Bxf6 gxf6 18.
Nxf6+ Bxf6 19. Qxf6 Rf8 20. Qxh6 Rxa2 21. Qf4 Qa5 22.
Bd3 b3 23. c3 Rxb2 24. Kxb2 Qa2+ 25. Kc1 b2+ 26. Kd2 b1=Q+ 27. Ke1 Qbb2 28. h6 Qxc3+ 29. Kf1 Qa4 30. Be2 Qcc2 31. Re1 b6 32. h7 Ba6 33.
h8=Q Qxe2+ 34. Kg1 Qxe1+ 35. Kh2 Rxh8 36. Rxh8+ Ke7 37. Qg5+ Kd6 38. Qd8# 1-0

[Event "*** Titled Tuesday 3|2 Blitz"]
[Site "Chess.com"]
[Date "2017.06.06"]
[Round "5"]
[White "aa175"]
[Black "TamNguyen2"]
[Result "1/2-1/2"]
[WhiteElo "1870"]
[BlackElo "2110"]
[TimeControl "180+2"]
[EndTime "14:52:08 PDT"]
[Termination "Game drawn by repetition"]

1. e4 c5 2. Nf3 g6 3. c3 d5 4. e5 d4 5. Bc4 Nc6 6. d3 Bg7 7. e6 Bxe6 8. Bxe6 fxe6 9. Qe2 Qd5 10. c4 Qd6 11. Nbd2 Nf6 12. O-O O-O 13. Re1 e5 14. Ne4 Nxe4 15. Qxe4 b6 16. Bg5 Rae8 17. Bh4 Rf5 18. Bg3 Ref8 19. Re2 e6 20. Ree1 g5 21. h3 h5 22. Qe2 Kh7 23. Nd2 Kg6 24. Ne4 Qd7 25. h4 g4 26. Kh2 Nd8 27. Rh1 Nf7 28.
Rhf1 Nd6 29. Rae1 Nf7 30. Rg1 Bh6 31. f3 gxf3 32. gxf3 Kh7 33. Ref1 Nd6 34. Nxd6 Qxd6 35. Qe4 Qe7 36. Bxe5 Qf7 37. Bg3 Kh8 38. Be5+ Kh7 39.
Bg3 Qg6 40. Be5 Qf7 41. Bg3 1/2-1/2

[Event "*** Titled Tuesday 3|2 Blitz"]
[Site "Chess.com"]
[Date "2017.06.06"]
[Round "5"]
[White "Keranke"]
[Black "cstefan"]
[Result "1-0"]
[WhiteElo "2674"]
[BlackElo "2195"]
[TimeControl "180+2"]
[EndTime "14:52:11 PDT"]
[Termination "Keranke won by resignation"]

1. d4 Nf6 2. c4 e6 3. g3 Bb4+ 4.
Nd2 Nc6 5. Nf3 d6 6. Bg2 e5 7.
d5 Bxd2+ 8. Bxd2 Ne7 9. O-O a5 10. Rc1 b6 11. Ne1 O-O 12. b3 Ng6 13. a3 Ne8 14. b4 axb4 15. axb4 f5 16. c5 bxc5 17. bxc5 f4 18. e3 fxg3 19. hxg3 Ra2 20. Nd3 Qg5 21. Nb4 Rb2 22. Bc3 Bg4 23. Qa4 Re2 24. Rce1 Qh5 25. Rxe2 Bxe2 26. Re1 Bf3 27. Nd3 e4 28. Nf4 Nxf4 29.
exf4 Bxg2 30. Kxg2 Qf3+ 31. Kg1 Qxc3 32. Qxe4 Qxc5 33. Qe6+ Kh8 34. Qxe8 Kg8 35. Qe6+ Kh8 36. Qf7 Rg8 37. Re8 Qc1+ 38. Kg2 1-0

[Event "*** Titled Tuesday 3|2 Blitz"]
[Site "Chess.com"]
[Date "2017.06.06"]
[Round "5"]
[White "GrigorGrigorov"]
[Black "jeaston1"]
[Result "1-0"]
[WhiteElo "2626"]
[BlackElo "2145"]
[TimeControl "180+2"]
[EndTime "14:52:12 PDT"]
[Termination "GrigorGrigorov won by resignation"]

1. d4 d5 2. c4 dxc4 3. Nf3 Nf6 4.
e3 e6 5. Bxc4 a6 6. O-O b5 7.
Bd3 Bb7 8. a4 b4 9. Nbd2 Nbd7 10.
a5 c5 11. Nc4 Be7 12. Bd2 Qc7 13. Qe2 O-O 14. Rfc1 Rac8 15. Nce5 Qd6 16. dxc5 Nxc5 17. Bxb4 Bxf3 18. Nxf3 Qxd3 19. Qxd3 Nxd3 20. Rxc8 Bxb4 21. Rxf8+ Kxf8 22. Nd4 Bc5 23. Rd1 Nb4 24. Nb3 Be7 25. Rc1 Ke8 26. Rc7 Nfd5 27. Rc4 Bf6 28. e4 Bxb2 29.
exd5 Nxd5 30. Rc6 Nb4 31. Rb6 Bc3 32. Nc5 Ke7 33. Nxa6 Nd5 34. Rb7+ Kf6 35. Rb5 Ke5 36. Nc5 Kd4 37. a6 Nc7 38. Rb7 Ba5 39. Rxc7 Bxc7 1-0

[Event "*** Titled Tuesday 3|2 Blitz"]
[Site "Chess.com"]
[Date "2017.06.06"]
[Round "5"]
[White "Quiet_Desperation"]
[Black "TrickyTrapChess"]
[Result "1-0"]
[WhiteElo "1981"]
[BlackElo "2267"]
[TimeControl "180+2"]
[EndTime "14:52:16 PDT"]
[Termination "Quiet_Desperation won by resignation"]

1. e4 e6 2. d4 d5 3. Nc3 Nf6 4. e5 Nfd7 5. f4 c5 6. Nf3 Nc6 7. Be3 a6 8. Qd2 b5 9. dxc5 Bxc5 10. O-O-O Qb6 11. Nd4 O-O 12. Kb1 Bb7 13. h4 Bxd4 14. Bxd4 Nxd4 15. Qxd4 Rfc8 16. Qxb6 Nxb6 17. Ne2 b4 18. Nd4 a5 19. g4 Nc4 20. Rh3 a4 21. g5 Ba6 22. Rg3 a3 23. b3 Na5 24. Bh3 Re8 25. h5 g6 26. hxg6 hxg6 27. Rh1 Kg7 28. Bxe6 Rh8 29. Rgh3 Rxh3 30. Bxh3 Nb7 31. Nc6 Nc5 32.
Bg2 d4 33. Nxd4 Rd8 34. Rd1 Rh8 35. Kc1 Rh2 36. Rd2 Bc8 37. Nc6 Bf5 38. Bd5 Rh4 39.
Rd4 Rh2 40. Nxb4 Rf2 41. Rc4 Rf1+ 42. Kd2 Ne6 43. Bxe6 Bxe6 44. Rd4 Rf2+ 45. Kd3 Rh2 46. c4 Bf5+ 47. Ke3 Rb2 48. c5 Rg2 49. c6 Rg3+ 50. Kd2 Rg2+ 51. Kc3 Rg3+ 52. Kc4 Rg1 53. Kb5 1-0

[Event "*** Titled Tuesday 3|2 Blitz"]
[Site "Chess.com"]
[Date "2017.06.06"]
[Round "5"]
[White "viggi38"]
[Black "IMRosen"]
[Result "0-1"]
[WhiteElo "2147"]
[BlackElo "2238"]
[TimeControl "180+2"]
[EndTime "14:52:22 PDT"]
[Termination "IMRosen won by checkmate"]

1. d4 Nf6 2. c4 e5 3. dxe5 Ng4 4.
Bf4 Bb4+ 5. Nc3 Bxc3+ 6. bxc3 Nc6 7. Qd5 Qe7 8. Nf3 Qa3 9. Qd2 Qa5 10. e3 Ngxe5 11.
Nxe5 Nxe5 12. Be2 O-O 13. O-O Re8 14. Rab1 d6 15. Rb5 Qa3 16. Rfb1 Nc6 17. Bd1 b6 18. R5b3 Qa6 19. Be2 Na5 20. Rb4 Bf5 21. c5 Qc8 22.
cxd6 cxd6 23. Rd1 Rd8 24. Bf3 Rb8 25. e4 Be6 26. Rd4 Nc4 27. Qe2 b5 28. Bxd6 Nxd6 29.
Rxd6 Rxd6 30. Rxd6 Qxc3 31. g3 Qc5 32. e5 Rc8 33.
Kg2 a5 34. Qd2 a4 35. Bb7 Rf8 36. Bf3 Qxe5 37. Rb6 Qc5 38. Qa5 Bc4 39. Qa7 Qe5 40. Rc6 Qa1 41. Qb7 Qf1# 0-1

[Event "*** Titled Tuesday 3|2 Blitz"]
[Site "Chess.com"]
[Date "2017.06.06"]
[Round "5"]
[White "belisarius64"]
[Black "Ivan11Martic"]
[Result "0-1"]
[WhiteElo "2227"]
[BlackElo "2403"]
[TimeControl "180+2"]
[EndTime "14:52:24 PDT"]
[Termination "Ivan11Martic won by resignation"]

1. e4 c5 2. Nf3 e6 3. b3 a6 4. Bb2 Nc6 5. c4 Nf6 6. e5 Ng4 7. Qe2 Qc7 8. h3 Nh6 9. g3 b5 10. Bg2 Bb7 11. O-O bxc4 12. Qxc4 Be7 13. Nc3 Nxe5 14. Nxe5 Bxg2 15. Kxg2 Qxe5 16. Ne4 Qxb2 17.
Nxc5 Rc8 18. d4 O-O 19. Qxa6 Bxc5 20. dxc5 Rxc5 21. Qd6 Rd5 22. Qb4 Nf5 23. Kg1 h5 24. a4 Rd2 25. Rfb1 Qd4 26. Qxd4 Nxd4 27. b4 Rc8 28. b5 Rcc2 29. Rf1 Rb2 30. Rab1 Rxf2 31. Rxb2 Rxb2 32. Rc1 Nxb5 33. axb5 Rxb5 34. Rc8+ Kh7 35. Rc7 Rd5 36. Kg2 g5 37. Kf3 Kg7 38. g4 h4 39.
Ke4 Kf6 40. Rc8 Ke7 41. Rg8 Ra5 42. Rg7 Kf6 43. Rg8 Ra4+ 44. Kf3 Ra3+ 45. Kg2 Rg3+ 46. Kh2 d5 47. Rd8 Re3 48. Rd7 Ra3 49. Kg2 Kg6 50. Re7 Rg3+ 51. Kh2 Kg7 52. Rd7 Kf6 53. Rd8 Ke5 54. Rd7 f6 55. Ra7 d4 56.
Ra5+ Ke4 57. Ra1 Re3 58. Ra6 Re2+ 59. Kh1 Kf3 60. Ra3+ Re3 61. Ra2 Kg3 62. Ra1 Kxh3 63. Rf1 d3 64. Kg1 d2 65. Kf2 Re1 0-1

[Event "*** Titled Tuesday 3|2 Blitz"]
[Site "Chess.com"]
[Date "2017.06.06"]
[Round "5"]
[White "Squirlolz"]
[Black "Drags95"]
[Result "0-1"]
[WhiteElo "2336"]
[BlackElo "2536"]
[TimeControl "180+2"]
[EndTime "14:52:26 PDT"]
[Termination "Drags95 won on time"]

1. e4 c5 2. c3 d5 3. exd5 Qxd5 4.
d4 Nf6 5. Nf3 e6 6. Na3 Qd8 7.
Nc4 Nc6 8. Bd3 cxd4 9. cxd4 Bb4+ 10. Bd2 Bxd2+ 11. Qxd2 O-O 12. Nce5 Nxe5 13. dxe5 Nd5 14. O-O b6 15. Nd4 Bb7 16. Nb5 Ba6 17. Nd6 Bxd3 18. Qxd3 Qg5 19. Rfe1 Qxg2+ 20. Kxg2 Nf4+ 21. Kf3 Nxd3 22. Re2 f6 23. exf6 Rxf6+ 24. Ke3 Ne5 25. Rg1 Rd8 26. f4 Ng6 27. Ne4 Rxf4 28. Rxg6 Rxe4+ 29. Kxe4 hxg6 30. Rc2 Rd7 31. a4 Kf7 32. b4 g5 33.
a5 bxa5 34. bxa5 Kf6 35. Rc6 g4 36. Ra6 g5 37. Rc6 Rd2 38. Ra6 Rxh2 39. Rxa7 Re2+ 40. Kd3 Ra2 41. Ra8 g3 42. Rf8+ Ke5 43. Rg8 Kf4 44. Rf8+ Kg4 45. Rf1 g2 0-1

[Event "*** Titled Tuesday 3|2 Blitz"]
[Site "Chess.com"]
[Date "2017.06.06"]
[Round "5"]
[White "AdrianaNikolova"]
[Black "ProfCalculus"]
[Result "1-0"]
[WhiteElo "2332"]
[BlackElo "2149"]
[TimeControl "180+2"]
[EndTime "14:52:26 PDT"]
[Termination "AdrianaNikolova won by resignation"]

1. e4 c5 2. Nf3 g6 3. c3 Bg7 4. d4 cxd4 5. cxd4 d5 6. e5 a6 7. h3 Nc6 8. Nc3 e6 9. Bg5 Nge7 10.
Be2 h6 11. Bf4 b5 12. Qd2 Qb6 13. Rc1 Bd7 14. O-O Nf5 15. Be3 O-O 16. Rfd1 Kh7 17.
Bf4 Rac8 18. g4 Nfe7 19. h4 Na5 20. Bd3 Nc4 21. Qe2 b4 22. Nb1 Bb5 23. Kg2 Na5 24. h5 Bxd3 25. Qxd3 Qb5 26. hxg6+ fxg6 27. Qxb5 axb5 28.
Bd2 Nec6 29. b3 Nb7 30. Rh1 Rxf3 31. Kxf3 Nxd4+ 32. Kg2 Rxc1 33. Rxc1 Bxe5 34. Bxb4 Kg7 35. Nd2 Kf6 36. Nf3 Nxf3 37. Kxf3 Nd6 38. Bxd6 Bxd6 39.
Rc6 Ke5 40. a4 bxa4 41. bxa4 Bb4 42. Rb6 Bc3 43. Rb3 d4 44. a5 Kd5 45. a6 e5 46. a7 e4+ 47. Ke2 d3+ 48. Kd1 1-0

[Event "*** Titled Tuesday 3|2 Blitz"]
[Site "Chess.com"]
[Date "2017.06.06"]
[Round "5"]
[White "temiksmozg"]
[Black "Spartakus1975"]
[Result "0-1"]
[WhiteElo "2449"]
[BlackElo "2601"]
[TimeControl "180+2"]
[EndTime "14:52:28 PDT"]
[Termination "Spartakus1975 won by resignation"]

1. d4 d5 2. c4 c6 3. Nf3 Nf6 4. Nc3 a6 5. c5 Bf5 6. Bf4 Nbd7 7. h3 g6 8. e3 Bg7 9. Nd2 O-O 10. g4 Be6 11. Bg3 b6 12. cxb6 Qxb6 13. Qb3 Qa7 14. Qa3 c5 15. Nb3 Rfc8 16. Bg2 a5 17. Na4 Ne4 18.
Bxe4 dxe4 19. Nbxc5 Nxc5 20. Nxc5 Bc4 21. Rc1 Bb5 22.
Qb3 Ba6 23. Qd5 e5 24. Bxe5 Bb7 25. Qd6 Rc6 26. Qe7 Bxe5 27. Qxe5 Ba6 28. Qxe4 Rac8 29. f3 Qb8 30. Kf2 Qxb2+ 31. Rc2 Qa3 32. Rhc1 Bd3 33. Nxd3 Rxc2+ 34. Rxc2 Rxc2+ 35. Kg3 Qd6+ 36. f4 Rxa2 37. Qe8+ Kg7 38. Ne5 Qe6 39. h4 Qxe8 0-1